 Seeded DCSS version 0.29.1-15-g9cfb28693d (webtiles) character file.

Game seed: 7069565730189317755 (custom seed)

23 Mickster the Slasher (level 2, -7/27 HPs)
             Began as a Minotaur Berserker on Feb 27, 2023.
             Was a Follower of Trog.
             Mangled by Terence
             ... wielding a +0 mace
              (9 damage)
             ... on level 2 of the Dungeon.
             The game lasted 00:08:57 (1124 turns).

Mickster the Slasher (Minotaur Berserker)           Turns: 1124, Time: 00:08:58

Health: -7/27      AC:  2    Str: 20    XL:     2   Next: 72%
Magic:  1/1        EV: 16    Int:  8    God:    Trog [*.....]
Gold:   13         SH:  0    Dex:  8    Spells: 1/1 levels left

rFire   . . .      SeeInvis .   f - +0 spear (vamp)
rCold   . . .      Faith    .   (no shield)
rNeg    . . .      Spirit   .   b - +0 animal skin
rPois   .          Reflect  .   (helmet restricted)
rElec   .          Harm     .   (no cloak)
rCorr   .          Rampage  .   (no gloves)
Will    .....                   (no boots)
Stlth   +.........              (no amulet)
HPRegen 0.09/turn               d - +4 ring of evasion
MPRegen 0.07/turn               (no ring)

@: no status effects
A: horns 2, retaliatory headbutt, clever 1, sturdy frame 1
a: Renounce Religion, Berserk


You were on level 2 of the Dungeon.
You worshipped Trog.
Trog was aware of your devotion.
You visited 1 branch of the dungeon, and saw 2 of its levels.

You collected 13 gold pieces.

Inventory:

Hand Weapons
 a - a +1 falchion
 f - a +0 vampiric spear (weapon)
 i - a +0 sling
Missiles
 h - 3 boomerangs (quivered)
Armour
 b - a +0 animal skin (worn)
 c - a +0 buckler
Jewellery
 d - a +4 ring of evasion (left hand)
Scrolls
 e - 2 scrolls of enchant weapon
 g - a scroll of fear


   Skills:
 + Level 4.0 Fighting
 - Level 4.1 Long Blades
 * Level 1.0 Polearms
 + Level 2.5 Armour
 + Level 2.5 Dodging


You had one spell level left.
You didn't know any spells.
Your spell library was empty.

Dungeon Overview and Level Annotations

Branches:
Dungeon (2/15)

Altars:

Shops:
D:1 ?

Annotations:
D:2 Terence


Innate Abilities, Weirdness & Mutations

You have a pair of horns on your head.
You reflexively headbutt those who attack you in melee.
Your mind is acute. (Int +4, Str/Dex -1)
Your movements are slightly less encumbered by armour. (ER -2)


Message History

You open the door.
There is an open door here.
Terence the Incautious comes into view.
He is wielding a +0 mace.
Terence shouts!
Terence shouts, "Now you die!"
A rat comes into view.
An endoplasm comes into view.
A goblin comes into view. It is wielding a +0 club.
Terence hits you with a +0 mace! Terence barely misses you.
You furiously retaliate!
You headbutt Terence, but do no damage. Terence misses you.
You hit Terence.
Terence is lightly wounded.
Terence barely misses you.
You hit Terence.
You feel better.
Terence is moderately wounded.
The endoplasm enters a dispersal trap!
The goblin blinks!
The rat blinks!
Terence blinks! x2; You blink.
You closely miss Terence.
Terence is moderately wounded.
Terence hits you with a +0 mace.
You barely miss Terence.
Terence is moderately wounded.
Terence hits you with a +0 mace.
You hit Terence.
You feel better.
Your headbutt misses Terence.
Terence is heavily wounded.
Terence hits you with a +0 mace!
* * * LOW HITPOINT WARNING * * *
You hit Terence. Your headbutt misses Terence.
Terence is severely wounded.
Terence hits you with a +0 mace!
* * * LOW HITPOINT WARNING * * *
You closely miss Terence.
Terence is severely wounded.
Terence closely misses you.
You hit Terence but do no damage.
Terence is severely wounded.
Terence hits you with a +0 mace!
You die...

##### ####.#.#######
....#........
...#.#######
#####..#@# .......#@#
#######
##.#g.J#J######.....#
......§.g.....'.....#
#####..#.######.....#
...§...# #.....#
######### #.....#
#.....# #.#####


You could see Terence, an endoplasm and a goblin.

Vanquished Creatures
  An adder (D:2)
  A bat (D:1)
  2 goblins
  3 kobolds (D:1)
  A quokka (D:1)
  2 ball pythons (D:1)
  2 frilled lizards (D:1)
  2 rats (D:1)
14 creatures vanquished.

Notes
Turn   | Place    | Note
-------+----------+-------------------------------------------
     0 | D:1      | Mickster the Minotaur Berserker began the quest for the
                  | Orb.
     0 | D:1      | Reached XP level 1. HP: 19/19 MP: 0/0
   310 | D:1      | Gained mutation: Your movements are slightly less
                  | encumbered by armour. (ER -2) [potion of mutation]
   310 | D:1      | Gained mutation: Your mind is acute. (Int +4, Str/Dex -1)
                  | [potion of mutation]
   475 | D:1      | Found Qowuis's Magic Scroll Shop.
   560 | D:1      | Reached XP level 2. HP: 27/27 MP: 1/1
  1061 | D:2      | Found a faded altar of an unknown god.
  1070 | D:2      | Reached skill level 1 in Polearms
  1111 | D:2      | Noticed Terence
  1124 | D:2      | Mangled by Terence

Illustrated notes

Levels and vault maps discovered:
D:1:      saegor_arrival_simple_a, layout_basic, serial_shops,
          nicolae_shop_statue_plus, minmay_misc_feat_room
D:2:      layout_basic, basic_ecumenical_altar, serial_shops,
          nicolae_shop_hallway_stairs, uniq_terence, uniq_crazy_yiuf_cottage

Skill      XL: |  1  2 |
---------------+-------+-----
Long Blades    | 4 |  4.1
Fighting       | 4 |  4.0
Polearms       | 1 |  1.0
Armour         | |  2.5
Dodging        | |  2.5

Action                   || total
-------------------------++-------
Melee: Falchion          ||    19
       Headbutt          ||     3
       Spear             ||    21
  Use: Scroll            ||     4
       Potion            ||     3
Armor: Animal skin       ||     5
Dodge: Dodged            ||    36
